 Dungeon Crawl Stone Soup version 0.28.0-45-g0d030f2227 (webtiles) character file.

Game seed: 16152545251448512846

32 101zpm the Chiller (level 3, -3/19 HPs)
             Began as a Deep Elf Ice Elementalist on Apr 20, 2022.
             Slain by an ufetubus (4 damage)
             ... on level 5 of the Dungeon.
             The game lasted 00:02:51 (1226 turns).

101zpm the Chiller (Deep Elf Ice Elementalist)      Turns: 1226, Time: 00:02:51

Health: -3/19      AC:  3    Str:  5    XL:     3   Next: 10%
Magic:  7/10       EV: 12    Int: 21    God:
Gold:   0          SH:  0    Dex: 15    Spells: 8/9 levels left

rFire   . . .      SeeInvis .   (no weapon)
rCold   . . .      Faith    .   (no shield)
rNeg    . . .      Spirit   .   a - +0 robe
rPois   .          Reflect  .   (no helmet)
rElec   .          Harm     .   (no cloak)
rCorr   .          Rampage  .   (no gloves)
Will    .....                   b - +0 pair of boots
Stlth   ++........              (no amulet)
HPRegen 0.06/turn               (no ring)
MPRegen 0.12/turn               (no ring)

@: no status effects
A: no striking features
a: no special abilities


You were on level 5 of the Dungeon.
You visited 1 branch of the dungeon, and saw 5 of its levels.

Inventory:

Missiles
 c - 14 stones
 d - 16 sling bullets
 e - 2 javelins
Armour
 a - a +0 robe (worn)
 b - a +0 pair of boots (worn)


   Skills:
 + Level 2.6 Dodging
 + Level 2.8 Stealth
 + Level 3.5 Spellcasting
 + Level 5.1 Ice Magic


You had 8 spell levels left.
You knew the following spells:

 Your Spells              Type           Power      Damage    Failure   Level
a - Freeze                Ice            100%       1d11      1%          1

Your spell library contained the following spells:

 Spells                   Type           Power      Damage    Failure   Level
 Frozen Ramparts          Ice            50%        1d7       4%          3
 Ozocubu's Armour         Ice            25%        N/A       4%          3
 Hailstorm                Conj/Ice       14%        3d5       41%         4


Dungeon Overview and Level Annotations

Branches:
Dungeon (5/15)
 Temple: D:4-7

Altars:


Message History

Found a ring mail.
There is a stone staircase leading down here.
You climb downwards.
The gnoll shaman shouts!
The gnoll shouts! x2; You hear a shout! x2
The ufetubus shouts!
You hear a bark! x2; You hear a shout! x2
Found 24 bolts.
There is a stone staircase leading up here.
Casting: Freeze (safe; 1% risk of failure)
Confirm with . or Enter, or press ? or * to list all spells.
You don't know that spell. 2 gnolls come into view.
A gnoll comes into view. It is wielding a +0 halberd.
The gnoll hits you with a +0 whip.
Aiming: Freeze (safe; 1% risk of failure)
Press: ? - help, Q - select action, (/) - cycle Shift-Dir - straight line, f - gnoll
Aim: a gnoll, wielding a +0 whip You freeze the gnoll!
The gnoll is severely wounded.
The gnoll barely misses you.
Aiming: Freeze (safe; 1% risk of failure)
Press: ? - help, Q - select action, (/) - cycle Shift-Dir - straight line, f/p - gnoll
Aim: a gnoll, wielding a +0 whip (severely wounded)
You freeze the gnoll.
You kill the gnoll!
The ufetubus barely misses you. The ufetubus hits you.
* * * LOW HITPOINT WARNING * * *
You have reached level 3!
Your experience leads to an increase in your attributes!
Increase (S)trength, (I)ntelligence, or (D)exterity?
You feel clever. x2
You barely miss the ufetubus.
The ufetubus hits you but does no damage.
The ufetubus hits you.
* * * LOW HITPOINT WARNING * * *
A jackal comes into view.
The gnoll closely misses you. The ufetubus hits you.
* * * LOW HITPOINT WARNING * * *
The ufetubus hits you.
You die...

### # ...# #.
....#
#.####.....#
##..@.gggg..h
#...5#####.##
#......5....
#....#......
#....#...(..
####.. ..#..
### ..# # ..
...


You could see a gnoll shaman, 3 gnolls and an ufetubus.

Vanquished Creatures
  A gnoll (D:5)
  An adder (D:4)
  2 giant cockroaches
  2 goblins (D:2)
  A quokka (D:2)
  3 bats (D:2)
  A kobold (D:2)
  2 rats
13 creatures vanquished.

Notes
Turn   | Place    | Note
-------+----------+-------------------------------------------
     0 | D:1      | 101zpm the Deep Elf Ice Elementalist began the quest for
                  | the Orb.
     0 | D:1      | Reached XP level 1. HP: 10/10 MP: 6/6
   478 | D:2      | Reached XP level 2. HP: 15/15 MP: 6/8
  1034 | D:4      | Reached skill level 5 in Ice Magic
  1072 | D:4      | Noticed a scorpion
  1221 | D:5      | Entered Level 5 of the Dungeon
  1225 | D:5      | Reached XP level 3. HP: 6/19 MP: 7/10
  1226 | D:5      | Slain by an ufetubus

Illustrated notes

Levels and vault maps discovered:
D:1:      noname_arrival_rooms_in_the_neighbourhood, layout_basic,
          shapermc_ecumenical_altar_rom_forum
D:2:      layout_loops_corners, hex_large
D:3:      layout_basic, minmay_splitting_lines, pf_guarded_unrand_meek,
          uniq_grinder
D:4:      layout_cave_pools, item_on_display_a
D:5:      minmay_general_purpose_star, layout_basic

Skill      XL: |  1  2 |
---------------+-------+-----
Ice Magic      | 5 |  5.1
Dodging        | |  2.6
Stealth        | |  2.8
Spellcasting   | |  3.5

Action                   || total
-------------------------++-------
Melee: Unarmed           ||     1
 Cast: Freeze            ||    18
Armor: Robe              ||     7
Dodge: Dodged            ||     6
